 Dungeon Crawl Stone Soup version 0.19.3-1-g3169bf9 (console) character file.

165 Grinner the Cudgeler (level 5, -18/50 HPs)
             Began as an Ogre Gladiator on Jan 26, 2017.
             Demolished by an ogre
             ... wielding a +0 giant club
              (25 damage)
             ... on level 4 of the Dungeon.
             The game lasted 00:05:35 (3339 turns).

Grinner the Cudgeler (Ogre Gladiator)               Turns: 3339, Time: 00:05:36

Health: -18/50     AC:  3    Str: 26    XL:     5   Next: 46%
Magic:  5/5        EV: 11    Int:  7    God:
Gold:   143        SH:  0    Dex: 10    Spells: 0 memorised, 4 levels left

rFire  . . .     SeeInvis .     a - +0 flail
rCold  . . .     Gourm    .     b - +0 robe
rNeg   . . .     Faith    .     (no shield)
rPois  .         Spirit   .     c - +0 hat
rElec  .         Reflect  .     (no cloak)
rCorr  .         Harm     .     (gloves unavailable)
MR     .....                    (boots unavailable)
Stlth  +.........               (no amulet)
                                (no ring)
                                x - ring of wizardry

@: mighty
A: unfitting armour, tough skin 1
a: no special abilities


You were on level 4 of the Dungeon.
You were not hungry.

You visited 1 branch of the dungeon, and saw 4 of its levels.

You collected 143 gold pieces.

Inventory:

Hand Weapons
 a - a +0 flail (weapon)
Missiles
 d - 3 throwing nets (quivered)
Armour
 b - a +0 robe (worn)
 c - a +0 hat (worn)
Jewellery
 x - a ring of wizardry (left hand)
Scrolls
 i - a scroll of amnesia {unknown}
 j - 5 scrolls of identify {unknown}
 k - 5 scrolls of remove curse {unknown}
 o - a scroll of magic mapping {unknown}
 q - a scroll of blinking {unknown}
 s - a scroll of noise {unknown}
 v - a scroll of teleportation {unknown}
Potions
 e - a potion of degeneration {unknown}
 h - 2 potions of curing
 l - a potion of mutation {unknown}
 m - a potion of ambrosia
 n - a potion of agility {unknown}
 p - 2 potions of cancellation {unknown}
Comestibles
 f - 2 bread rations
 g - 3 meat rations
 r - 2 beef jerkies
 t - a slice of pizza


   Skills:
 - Level 2.6 Fighting
 * Level 6.8 Maces & Flails
 - Level 2.0 Throwing
 + Level 3.8 Dodging


You had 4 spell levels left.
You didn't know any spells.

Dungeon Overview and Level Annotations

Branches:
Dungeon (4/15)
 Temple: D:4-7

Altars:
Cheibriados
Xom


Innate Abilities, Weirdness & Mutations

You are too large for most types of armour.
You have tough skin. (AC +1)


Message History

The orc wizard blinks!
The ogre hits you with a giant club. The ogre closely misses you.
You feel yourself speed up.
The orc wizard mumbles some strange words.
The orc wizard blinks!
The ogre closely misses you.
It was a potion of might.
You feel very mighty all of a sudden.
You feel less invigorated.
You feel less confused. The ogre hits you with a giant club!!
You barely miss the ogre. The ogre hits you with a giant club!
* * * LOW HITPOINT WARNING * * *
You barely miss the ogre.
The orc wizard casts a spell.
The orc wizard blinks!
You bludgeon the ogre!!
The ogre is severely wounded.
The ogre hits you with a giant club!!
Ouch! That really hurt!
You die...

##### ....# ###.# #.#
#.############ ########
#.#..........# #......#
###.#..........#######......###
...........§..sO@............>#
###.#..........#######......#.#
#.#.[........# #......#.###
#.#..........#######......#....
#.#......(..........†.....####.
#...................##########.
#######.#...........##.........
........###.########.######..
######....#....... #.# #..


You could see an ogre and a scorpion.

Vanquished Creatures
  An orc wizard (D:4)
  4 adders
  An ooze (D:4)
  5 worms (D:2)
  5 dart slugs
  3 leopard geckos
  An orc (D:4)
  2 bats
  4 giant cockroaches
  8 hobgoblins
  2 jackals (D:3)
  6 kobolds
  A quokka (D:4)
  A ball python (D:3)
  4 frilled lizards
  12 goblins
  10 rats
70 creatures vanquished.

Notes
Turn   | Place    | Note
-------+----------+-------------------------------------------
     0 | D:1      | Grinner the Ogre Gladiator began the quest for the Orb.
     0 | D:1      | Reached XP level 1. HP: 22/22 MP: 1/1
   100 | D:1      | Reached XP level 2. HP: 26/29 MP: 2/2
   652 | D:1      | Reached skill level 5 in Maces & Flails
   652 | D:1      | Reached XP level 3. HP: 36/36 MP: 3/3
  1462 | D:2      | Reached XP level 4. HP: 11/44 MP: 4/4
  1790 | D:2      | Reached skill level 6 in Maces & Flails
  2120 | D:2      | You fall through a shaft!
  2242 | D:3      | Found a snail-covered altar of Cheibriados.
  2389 | D:3      | Found a shimmering altar of Xom.
  3057 | D:3      | Reached XP level 5. HP: 46/50 MP: 5/5
  3295 | D:4      | Noticed an ogre
  3339 | D:4      | Demolished by an ogre

Skill      XL: |  1  2  3  4 |
---------------+-------------+-----
Dodging        | 3 |  3.8
Maces & Flails | 5 6 |  6.8
Fighting       | |  2.6
Throwing       | |  2.0

Action                   |  1- 3 |  4- 6 || total
-------------------------+-------+-------++-------
Melee: Flail             |   128 |   121 ||   249
Throw: Throwing net      |     2 |     2 ||     4
  Use: Potion            |       |     3 ||     3
 Stab: Sleeping          |     1 |     2 ||     3
       Held in net/web   |     1 |     1 ||     2
  Eat: Chunk             |     2 |     6 ||     8
Armor: Robe              |    23 |    27 ||    50
Dodge: Dodged            |    56 |    61 ||   117
